Map: 2000 Atmospheres LE

Players

Serral

  • Race: Zerg Zerg
  • League: Master

LiquidClem (Clem) - Winner!

  • Race: Terran Terran
  • League: Master

VOD

Have the link to the VOD?

Description

Time

  • Played on: Oct. 24, 2021, 5:06 p.m.
  • Length: 23:28
Show
View Real Time Build Order
Export as new Build Order

Serral Zerg 

Build Orders: Hatch First, Lurkers 

Get SALT Encoding   

  12  0:00  Drone  
  13  0:12  Overlord  
  13  0:16  Drone  
  14  0:30  Drone x2  
  16  0:47  Hatchery  
  15  0:51  Drone  
  15  0:55  Drone  
  17  0:57  Drone  
  18  1:09  Extractor  
  17  1:12  Spawning Pool  
  17  1:16  Drone  
  17  1:19  Drone  
  18  1:27  Drone  
  19  1:38  Drone  
  20  1:49  Drone  
  21  1:59  Queen x2  
  21  2:00  Zergling x4  
  27  2:10  Overlord  
  27  2:11  Drone  
  28  2:22  Hatchery  
  27  2:25  Drone  
  27  2:29  Drone  
  29  2:38  Drone x2, Metabolic Boost  
  31  2:45  Queen  
  31  2:51  Overlord  
  33  2:54  Drone  
  33  2:58  Drone x2  
  36  3:03  Overlord  
  36  3:09  Drone  
  36  3:10  Drone x3  
  40  3:17  Queen  
  42  3:20  Drone  
  42  3:25  Queen  
  45  3:29  Zergling x2  
  45  3:32  Drone x2  
  48  3:35  Queen  
  48  3:39  Overlord  
  50  3:44  Drone x2  
  50  3:45  Zergling x2  
  53  3:49  Drone x2  
  53  3:50  Drone  
  53  3:53  Overlord  
  56  3:57  Queen  
  56  4:00  Overlord  
  56  4:02  Drone  
  59  4:05  Queen  
  59  4:09  Drone x2  
  64  4:10  Drone  
  64  4:14  Queen  
  64  4:16  Zergling x2  
  67  4:20  Zergling x4  
  67  4:22  Overlord  
  69  4:24  Drone x2  
  69  4:28  Zergling x4  
  71  4:31  Drone  
  71  4:33  Drone x3  
  71  4:35  Drone x3  
  76  4:41  Drone  
  77  4:46  Evolution Chamber, Extractor  
  77  4:50  Drone  
  77  4:51  Drone x4  
  78  4:57  Overlord  
  78  4:58  Zergling x4  
  80  5:05  Drone  
  80  5:06  Evolution Chamber  
  80  5:09  Drone x2  
  80  5:11  Hatchery  
  80  5:12  Zerg Ground Armor Level 1  
  80  5:14  Drone x3  
  84  5:17  Lair  
  84  5:19  Drone x2  
  86  5:26  Drone x4, Extractor  
  86  5:27  Extractor  
  88  5:30  Drone  
  88  5:34  Baneling Nest  
  88  5:35  Zerg Melee Weapons Level 1  
  88  5:38  Drone  
  88  5:39  Drone x4  
  93  5:47  Overlord  
  93  5:48  Zergling x6  
  93  5:49  Zergling x4, Hatchery  
  97  5:55  Zergling x2  
  98  5:59  Overlord x4  
  98  6:08  Spore Crawler x2  
  98  6:09  Drone  
  98  6:10  Drone  
  97  6:13  Zergling x8  
  101  6:18  Zergling x2  
  101  6:20  Centrifugal Hooks  
  101  6:23  Zergling x12  
  106  6:38  Zergling x12  
  111  6:42  Baneling x12, Queen  
  111  6:47  Zergling x8  
  115  6:58  Zergling x16  
  122  7:05  Zergling x14  
  129  7:11  Zerg Ground Armor Level 2  
  129  7:15  Zergling x8  
  133  7:19  Baneling x7  
  133  7:21  Burrow  
  133  7:22  Overseer  
  132  7:23  Baneling  
  132  7:24  Baneling x3, Zergling x12  
  132  7:25  Zergling x8  
  142  7:34  Overlord x3  
  142  7:35  Overlord x3  
  136  7:46  Zergling x16  
  136  7:51  Zergling x10  
  133  8:04  Drone x3  
  133  8:05  Zerg Melee Weapons Level 2  
  133  8:06  Zergling x22  
  133  8:08  Overseer  
  133  8:12  Overseer  
  142  8:16  Zergling x6  
  142  8:17  Zergling x6  
  141  8:23  Hydralisk Den, Spore Crawler, Extractor x2  
  137  8:27  Baneling x6  
  137  8:31  Baneling x3  
  135  8:36  Zergling x6  
  135  8:37  Drone x7  
  135  8:38  Drone x6  
  148  8:47  Zergling x18  
  156  8:54  Baneling  
  156  8:55  Baneling x9  
  154  8:56  Pneumatized Carapace  
  154  9:01  Zergling x6  
  154  9:02  Zergling x6  
  158  9:05  Zergling x8  
  158  9:06  Zergling x2  
  155  9:16  Overlord  
  155  9:17  Zergling x4  
  155  9:18  Hydralisk Den  
  155  9:20  Muscular Augments, Overlord  
  153  9:24  Hatchery  
  140  9:33  Zergling x30  
  154  9:40  Overseer  
  154  9:41  Hydralisk x2  
  154  9:42  Hydralisk x2  
  161  9:50  Drone  
  161  9:51  Drone x9  
  154  10:01  Hydralisk x3  
  154  10:06  Drone x3  
  160  10:10  Drone x2  
  160  10:12  Drone  
  160  10:13  Drone x3  
  162  10:19  Baneling x7  
  162  10:25  Zergling x18  
  166  10:32  Infestation Pit, Baneling x4  
  162  10:38  Drone x4  
  162  10:39  Drone x4  
  165  10:44  Zergling x10  
  165  10:46  Zergling x2  
  165  10:57  Zergling x4  
  165  10:58  Zergling x20  
  165  11:01  Overlord  
  176  11:07  Zergling x14  
  166  11:15  Zergling x18  
  169  11:22  Baneling x6  
  169  11:24  Hydralisk x3  
  169  11:34  Baneling x7  
  169  11:36  Baneling x5  
  169  11:37  Baneling x5  
  169  11:38  Baneling  
  169  11:39  Hive  
  169  11:41  Drone x4  
  169  11:42  Spore Crawler  
  170  11:49  Drone x2  
  172  11:57  Baneling x6  
  172  12:01  Baneling x2, Zergling x2  
  171  12:02  Zergling x24  
  183  12:09  Baneling x3  
  183  12:12  Zergling x16  
  191  12:18  Drone x5  
  191  12:20  Drone  
  191  12:21  Drone  
  192  12:26  Zergling x12  
  184  12:41  Baneling x6  
  184  12:44  Drone x3  
  186  12:48  Lurker Den  
  186  12:49  Zergling x28  
  199  12:52  Baneling x5  
  199  12:54  Drone  
  199  12:55  Spore Crawler  
  192  13:06  Drone x3  
  195  13:14  Overseer  
  195  13:16  Zerg Ground Armor Level 3  
  195  13:17  Adrenal Glands, Zerg Missile Weapons Level 1  
  195  13:19  Viper  
  197  13:21  Baneling x2  
  197  13:23  Zergling x14  
  195  13:45  Zergling x12  
  195  13:47  Baneling  
  195  13:48  Baneling x3  
  199  13:50  Seismic Spines  
  199  13:55  Lurker  
  199  14:02  Overseer  
  195  14:16  Hydralisk x2, Extractor  
  194  14:17  Drone x2, Extractor  
  194  14:20  Baneling x12  
  194  14:23  Lurker x4  
  199  14:25  Hatchery  
  198  14:33  Extractor  
  198  14:35  Extractor  
  195  14:39  Hatchery  
  195  14:44  Zergling x26  
  186  14:47  Adaptive Talons  
  186  14:50  Zergling x10  
  187  14:59  Lurker x2  
  189  15:02  Hydralisk x5  
  195  15:08  Baneling x5  
  195  15:09  Hydralisk  
  195  15:10  Hydralisk x2  
  198  15:17  Zergling x26  
  198  15:18  Drone  
  198  15:20  Baneling  
  198  15:21  Baneling x9  
  200  15:26  Zerg Missile Weapons Level 2  
  200  15:28  Overseer  
  178  15:37  Hydralisk x6  
  175  15:43  Zergling x26  
  175  15:48  Zergling x2  
  175  15:49  Zergling x18  
  186  15:54  Zerg Melee Weapons Level 3  
  181  16:01  Lurker x2, Hatchery  
  181  16:02  Lurker x4  
  186  16:09  Lurker x3  
  189  16:12  Lurker x5  
  189  16:14  Lurker  
  189  16:17  Lurker x2  
  196  16:19  Overseer  
  196  16:22  Drone x3  
  199  16:26  Overseer x4  
  183  16:45  Zergling x36  
  183  16:46  Zergling x4  
  187  17:03  Zergling x24  
  184  17:25  Zergling x28  
  192  17:32  Baneling x7  
  192  17:33  Baneling x2  
  192  17:37  Zergling x14  
  192  17:38  Overseer  
  196  17:59  Baneling x4  
  196  18:00  Zergling x10  
  188  18:15  Zergling x26  
  199  18:27  Hatchery  
  199  18:33  Infestor  
  199  18:37  Baneling x6  
  168  18:52  Zergling x30  
  168  18:53  Zergling x6  
  168  18:59  Hydralisk x3  
  167  19:04  Overseer  
  167  19:06  Hydralisk x5  
  171  19:21  Baneling  
  171  19:22  Baneling x2  
  171  19:23  Overlord x5  
  166  19:38  Lurker x5  
  169  19:42  Zergling x12  
  175  19:51  Hydralisk x3  
  175  19:52  Hydralisk  
  180  19:53  Zergling x2  
  180  19:54  Zergling x32  
  180  19:55  Overseer  
  180  19:57  Drone x2  
  198  20:06  Zergling x6  
  198  20:07  Zergling x10  
  170  20:13  Baneling  
  167  20:14  Zergling x6  
  164  20:24  Drone  
  164  20:25  Drone x2  
  164  20:26  Hydralisk  
  164  20:27  Hydralisk x7  
  179  20:28  Overseer  
  179  20:33  Overseer  
  178  20:36  Lurker x7  
  178  20:37  Overseer x2  
  178  20:39  Zergling x14  
  178  20:42  Zergling x4  
  194  20:43  Overseer  
  194  20:49  Zergling x6  
  197  20:54  Lurker x3  
  197  20:55  Lurker  
  199  21:01  Zergling x6  
  199  21:02  Zergling x4  
  199  21:08  Baneling  
  199  21:09  Baneling x5  
  185  21:19  Zergling x22  
  182  21:35  Overlord  
  182  21:39  Overlord  
  168  21:40  Overlord x2  
  168  21:44  Drone x16, Overlord x2  
  146  21:53  Overlord x3  
  144  22:01  Overseer  
  144  22:02  Lurker x2  
  144  22:03  Lurker, Hydralisk x7  
  144  22:07  Drone x16  
  161  22:11  Overseer  
  161  22:12  Overseer x2  
  158  22:35  Hydralisk x8  
  157  22:39  Overseer  
  153  22:56  Zergling x24  
  143  23:01  Zergling x2  
  143  23:02  Zergling x4  
  143  23:05  Lurker x7  
Show
View Real Time Build Order
Export as new Build Order

LiquidClem Terran - Winner!

Build Orders: Hellion Opening, Reaper Expand 

Get SALT Encoding   

  12  0:00  SCV  
  13  0:12  SCV  
  14  0:16  Supply Depot  
  14  0:24  SCV  
  15  0:38  SCV  
  15  0:39  Barracks  
  16  0:43  Refinery  
  16  0:50  SCV  
  17  1:02  SCV  
  18  1:14  SCV  
  19  1:25  Reaper  
  19  1:26  Orbital Command  
  20  1:39  Command Center  
  20  1:48  Supply Depot  
  20  1:51  SCV  
  21  1:57  Marine  
  22  2:10  SCV  
  22  2:11  Factory  
  23  2:20  Barracks Reactor  
  23  2:22  SCV  
  24  2:34  SCV  
  25  2:39  Command Center  
  25  2:47  SCV  
  26  2:52  Orbital Command  
  26  2:58  Starport  
  26  2:59  SCV  
  26  3:04  Hellion  
  29  3:09  Hellion  
  29  3:12  SCV  
  32  3:17  SCV, Refinery  
  33  3:24  SCV  
  33  3:26  Barracks Tech Lab  
  34  3:27  Hellion  
  34  3:29  SCV  
  34  3:32  Hellion  
  39  3:36  SCV  
  40  3:42  SCV  
  40  3:43  Medivac  
  43  3:49  SCV  
  43  3:51  Hellion  
  43  3:53  Hellion  
  43  3:54  SCV  
  43  3:55  Orbital Command  
  49  4:01  SCV  
  50  4:04  Stimpack  
  50  4:05  Supply Depot  
  50  4:07  SCV  
  51  4:13  Barracks, SCV  
  52  4:20  Marine, Barracks, SCV  
  54  4:25  SCV  
  54  4:26  SCV  
  54  4:29  Supply Depot  
  56  4:34  SCV  
  56  4:37  Marine, SCV  
  57  4:39  SCV  
  57  4:45  Factory Reactor  
  58  4:51  Supply Depot, SCV, Orbital Command  
  59  4:52  Engineering Bay  
  59  4:53  Engineering Bay, SCV  
  59  4:55  Marine  
  59  4:56  Refinery  
  61  5:03  Barracks Reactor, SCV  
  61  5:05  SCV  
  61  5:07  Marine  
  63  5:13  Marine, Barracks  
  65  5:14  Barracks  
  65  5:15  SCV  
  65  5:17  SCV  
  65  5:18  Marine  
  65  5:19  SCV, Refinery  
  69  5:23  Terran Infantry Weapons Level 1, Terran Infantry Armor Level 1  
  69  5:28  Supply Depot, SCV  
  70  5:29  Marine, SCV  
  70  5:31  Marine, SCV  
  74  5:37  Supply Depot  
  74  5:39  Factory Reactor  
  74  5:40  SCV  
  74  5:41  Marine, SCV  
  74  5:42  Marine  
  78  5:43  Combat Shield, SCV  
  78  5:46  Marine, Supply Depot  
  80  5:50  Marine x2  
  80  5:52  SCV  
  80  5:55  SCV x2  
  85  5:58  Supply Depot  
  85  5:59  Marine  
  85  6:03  Refinery  
  86  6:04  SCV  
  86  6:05  Factory, Barracks Reactor x2  
  86  6:06  Armory  
  86  6:10  Marine x4  
  92  6:11  SCV  
  92  6:12  SCV  
  92  6:16  Marine, SCV  
  92  6:18  Widow Mine x2  
  99  6:24  SCV  
  100  6:27  Supply Depot  
  100  6:28  Marine x3  
  100  6:29  Medivac x2  
  100  6:30  Marine  
  108  6:35  Marine, SCV  
  108  6:38  SCV  
  108  6:39  Widow Mine  
  114  6:40  SCV  
  114  6:42  Marine  
  114  6:43  Marine x2  
  114  6:44  Supply Depot  
  117  6:48  Factory Tech Lab  
  117  6:49  Marine x3, SCV  
  117  6:50  Supply Depot  
  117  6:53  Marine x2  
  123  7:02  Widow Mine  
  123  7:05  Medivac x2  
  123  7:06  Marine x2, Widow Mine  
  123  7:07  Supply Depot  
  133  7:12  Command Center  
  133  7:14  Drilling Claws  
  133  7:15  Widow Mine  
  135  7:21  Supply Depot  
  134  7:23  Marine x2  
  134  7:24  Marine x2, Widow Mine  
  139  7:30  Marine x3, Widow Mine  
  139  7:32  Marine x2  
  139  7:33  Supply Depot  
  139  7:35  Medivac  
  148  7:41  Marine  
  148  7:42  Widow Mine  
  148  7:43  SCV x3  
  136  7:45  Widow Mine  
  120  7:51  Marine x2  
  120  7:52  Widow Mine  
  120  7:55  SCV  
  120  7:56  SCV x2  
  127  7:59  Terran Infantry Armor Level 2, Terran Infantry Weapons Level 2  
  127  8:05  Medivac  
  123  8:06  Marine x2, Widow Mine  
  123  8:08  Marine x2  
  123  8:10  Marine  
  127  8:16  Marine  
  127  8:18  Marine x3  
  127  8:19  Widow Mine  
  131  8:21  SCV  
  131  8:24  Marine x2  
  131  8:26  Marine x2  
  136  8:27  SCV  
  136  8:28  SCV  
  136  8:31  Marine, Widow Mine  
  137  8:34  Marine  
  137  8:37  Marine  
  137  8:38  Marine, Widow Mine  
  137  8:40  Marine, SCV  
  142  8:42  Marine  
  142  8:44  Widow Mine  
  142  8:46  Liberator  
  148  8:51  SCV  
  148  8:53  SCV  
  148  8:54  SCV  
  145  8:56  Marine x2  
  145  8:57  SCV  
  145  9:02  Marine x2, Widow Mine  
  149  9:03  Marine, SCV  
  149  9:05  Marine  
  149  9:06  SCV  
  149  9:07  Marine  
  147  9:10  Planetary Fortress  
  147  9:12  Marine, SCV  
  149  9:17  Widow Mine  
  149  9:18  SCV, Widow Mine  
  149  9:20  Marine, SCV  
  156  9:24  SCV  
  156  9:26  Widow Mine  
  156  9:27  Medivac  
  156  9:28  Marine  
  156  9:30  SCV  
  159  9:32  Marine  
  159  9:33  Marine  
  159  9:36  Marine  
  159  9:39  SCV, Widow Mine x2  
  159  9:40  SCV  
  159  9:41  Marine  
  159  9:42  SCV  
  167  9:47  Widow Mine  
  167  9:50  Marine  
  167  9:52  Marine x2  
  168  9:53  Marine x2  
  168  9:57  Marine  
  168  9:59  Marine  
  171  10:04  Marine  
  171  10:05  Marine  
  171  10:06  SCV  
  172  10:08  SCV, Widow Mine  
  171  10:15  SCV, Widow Mine  
  172  10:29  Command Center  
  172  10:30  Marine x3  
  172  10:31  Medivac, SCV, Widow Mine  
  180  10:37  Medivac  
  180  10:39  SCV x3, Widow Mine  
  179  10:45  Marine x3  
  179  10:46  Widow Mine  
  180  10:50  Supply Depot  
  180  10:54  Marine  
  179  10:58  Barracks  
  179  11:00  Barracks  
  179  11:01  Barracks, Supply Depot, Terran Infantry Weapons Level 3  
  179  11:03  Widow Mine  
  179  11:04  Medivac, Widow Mine  
  180  11:07  Widow Mine  
  180  11:10  Medivac  
  161  11:19  Marine  
  161  11:24  Widow Mine  
  161  11:25  Widow Mine  
  160  11:26  Marauder, Refinery  
  160  11:28  Widow Mine  
  162  11:34  Medivac  
  162  11:36  Marine x2  
  162  11:38  Marine x4  
  162  11:39  Marine  
  171  11:40  Terran Infantry Armor Level 3  
  171  11:44  SCV  
  171  11:45  Widow Mine  
  171  11:46  Widow Mine  
  172  11:47  Marauder, Barracks Tech Lab  
  172  11:50  Widow Mine  
  172  11:51  Command Center  
  172  11:52  Barracks Tech Lab, Concussive Shells  
  176  11:56  Barracks Tech Lab  
  176  11:58  Terran Vehicle And Ship Armor Level 1  
  176  12:01  Medivac  
  178  12:04  Medivac  
  178  12:07  Widow Mine  
  178  12:08  Widow Mine  
  183  12:09  Marauder, SCV x2  
  183  12:10  Sensor Tower  
  183  12:11  Marauder, Widow Mine  
  190  12:17  Marauder  
  190  12:19  Marine  
  193  12:25  Marauder  
  193  12:28  Widow Mine  
  193  12:29  Widow Mine  
  181  12:30  Marauder  
  181  12:31  Marine x2  
  181  12:32  Marauder  
  181  12:33  Widow Mine  
  181  12:35  Medivac  
  191  12:38  Marauder  
  191  12:39  Marine x3  
  191  12:40  Command Center  
  194  12:46  Marauder  
  194  12:50  Widow Mine  
  194  12:51  Widow Mine  
  200  12:53  Ghost Academy  
  198  12:59  Marauder  
  198  13:03  Marauder  
  198  13:06  Marauder  
  200  13:15  Command Center  
  200  13:20  Planetary Fortress  
  200  13:26  Ghost  
  199  13:39  Ghost  
  199  13:41  Widow Mine  
  197  13:43  Widow Mine  
  197  13:44  SCV  
  197  13:46  Planetary Fortress  
  200  14:02  Widow Mine  
  200  14:05  Widow Mine x2  
  200  14:09  Marauder  
  194  14:15  Marine x2  
  194  14:16  Marauder x2  
  200  14:17  Command Center  
  200  14:22  Missile Turret, Command Center  
  200  14:23  Missile Turret  
  200  14:24  Command Center  
  200  14:40  Ghost  
  200  14:42  Ghost  
  197  14:46  Widow Mine  
  197  14:47  Marine  
  200  15:00  Orbital Command  
  200  15:03  Command Center  
  200  15:05  Widow Mine  
  200  15:06  Ghost  
  199  15:16  Medivac, Widow Mine  
  199  15:17  Ghost  
  199  15:19  Ghost  
  199  15:20  Ghost  
  195  15:27  Refinery x2  
  195  15:28  Missile Turret  
  195  15:29  Sensor Tower  
  195  15:35  Ghost  
  191  15:38  Medivac  
  191  15:39  Widow Mine  
  191  15:41  Orbital Command  
  191  15:42  Orbital Command  
  176  15:46  Ghost  
  176  15:47  Ghost  
  176  15:49  Ghost  
  164  15:50  Medivac  
  164  15:53  Widow Mine x2  
  164  15:54  Marine x4  
  164  15:55  Marine x4  
  171  16:01  SCV  
  171  16:03  Ghost  
  176  16:04  Widow Mine  
  176  16:08  Liberator  
  176  16:09  Missile Turret  
  179  16:12  Marine x3  
  179  16:14  Ghost  
  179  16:15  Widow Mine  
  179  16:17  Marauder, Ghost  
  190  16:23  Widow Mine  
  192  16:32  Ghost  
  194  16:37  Ghost  
  194  16:45  Marine x2  
  194  16:46  Refinery x2  
  193  16:51  Ghost x2  
  193  16:52  Marine x2  
  182  16:58  Marine x2, Orbital Command  
  186  17:01  Marauder  
  186  17:06  Widow Mine  
  186  17:07  Marauder  
  186  17:08  Planetary Fortress  
  188  17:16  Missile Turret  
  188  17:19  Planetary Fortress  
  188  17:20  Marauder  
  188  17:21  Marauder  
  188  17:22  Ghost  
  176  17:29  Ghost  
  180  17:34  Orbital Command  
  180  17:35  Refinery  
  177  17:44  Widow Mine  
  177  17:45  SCV x2  
  177  17:46  Unknown  
  177  17:48  Missile Turret  
  177  17:49  Refinery  
  177  17:50  Refinery  
  183  17:51  Marine x4, Marauder x3  
  183  17:52  Marine x3  
  183  17:56  Marine  
  183  17:58  Marine  
  193  18:09  Marine x3  
  193  18:11  Widow Mine  
  193  18:12  Ghost  
  198  18:13  Orbital Command  
  198  18:14  Ghost  
  198  18:16  SCV x4  
  198  18:17  SCV  
  198  18:26  Widow Mine  
  200  18:36  Personal Cloaking  
  200  18:41  Ghost  
  200  18:51  Ghost  
  200  18:54  Ghost  
  181  18:55  Ghost  
  181  18:58  Medivac, Widow Mine  
  187  19:05  Refinery  
  187  19:08  Refinery  
  187  19:09  Ghost, Command Center  
  183  19:12  Marine  
  183  19:15  Widow Mine  
  183  19:16  Widow Mine  
  190  19:19  Ghost  
  190  19:20  Widow Mine  
  190  19:23  Ghost  
  190  19:24  Medivac, Ghost  
  196  19:36  Widow Mine  
  196  19:37  Widow Mine  
  196  19:38  Ghost  
  196  19:41  Widow Mine  
  196  19:44  Missile Turret  
  194  19:48  Ghost  
  194  19:51  Ghost  
  194  19:52  Ghost  
  190  19:55  Marine x2, Missile Turret x2  
  190  19:57  Widow Mine  
  190  19:58  Sensor Tower  
  190  19:59  Widow Mine  
  198  20:06  Marine x3, Widow Mine, Ghost  
  198  20:07  Marine x3  
  192  20:08  SCV  
  192  20:13  Marine  
  192  20:16  Ghost  
  192  20:20  Ghost  
  192  20:21  Ghost  
  184  20:27  Marine x2  
  184  20:28  Marine x2  
  189  20:31  Missile Turret, Command Center  
  189  20:34  Marine, Widow Mine  
  189  20:35  Ghost  
  192  20:36  Marine x2  
  192  20:42  Widow Mine  
  198  20:45  Ghost  
  200  20:53  Terran Vehicle And Ship Armor Level 2  
  200  20:54  Orbital Command  
  200  21:02  Ghost  
  200  21:14  Widow Mine  
  198  21:20  Ghost  
  198  21:21  Widow Mine  
  198  21:22  Ghost x2  
  190  21:32  Widow Mine  
  180  21:33  Ghost  
  180  21:38  Widow Mine  
  180  21:39  Medivac  
  184  21:43  Widow Mine  
  184  21:44  Marine x2  
  184  21:46  Orbital Command  
  188  21:48  Ghost  
  188  21:52  SCV  
  188  21:53  Widow Mine  
  193  21:55  Marine, Missile Turret  
  193  21:56  Refinery  
  193  21:58  Refinery  
  193  21:59  Widow Mine  
  196  22:02  Ghost  
  196  22:04  Widow Mine  
  198  22:08  Missile Turret  
  198  22:10  Ghost  
  199  22:41  Missile Turret, Sensor Tower  
Tags
 
Add a new tag
Caveats
  • Supply blocks, unpowered buildings, or Contaminate may cause inaccurate times.
  • Supply counts are checked every 10 seconds.